[Event "Early-Titled-Tuesday-Blitz-August-29-2023"]
[Site "Chess.com"]
[Date "2023.08.29"]
[Round "8"]
[White "viktorgen2021"]
[Black "Caisachess"]
[Result "0-1"]
[WhiteElo "2435"]
[BlackElo "2343"]
[TimeControl "180+1"]
[EndTime "9:27:40 PDT"]
[Termination "Caisachess won by resignation"]

1. d4 d5 2. Nf3 Nf6 3. Bf4 Bf5 4.
e3 c6 5. Bd3 Bxd3 6. cxd3 e6 7. O-O Bd6 8. Bg5 h6 9. Bh4 Nbd7 10. Nc3 e5 11. dxe5 Nxe5 12. e4 dxe4 13. Nxe4 Nxf3+ 14. Qxf3 Be7 15. Ng3 Qd5 16. Qxd5 Nxd5 17. Bxe7 Kxe7 18. Rfe1+ Kf6 19. Ne4+ Kg6 20. Nc5 Rab8 21. Nd7 Rbd8 22. Ne5+ Kf6 23. Re4 g5 24. Rae1 Kg7 25. g3 Rhe8 26. Nc4 Nf6 27. Rxe8 Rxe8 28. Ne3 Kg6 29. Kg2 Rd8 30. Rd1 Nd5 31. Nc2 f5 32.
Re1 Kf6 33. a3 Nb6 34. d4 Nc4 35. b3 Nd2 36. Re2 Nxb3 37. Ne3 Nxd4 38. Rb2 b5 39. Rb1 a6 40. f4 c5 41. a4 c4 42. axb5 axb5 43. h4 gxf4 44. gxf4 c3 45. Kf2 c2 46. Rc1 Rc8 47. Nd5+ Ke6 48. Nb4 Rc4 49. Nd3 Nb3 50.
Re1+ Kd6 51. Nc1 Nxc1 52. Rxc1 b4 53. Ke3 b3 54. Kd3 Rxf4 55. Kc3 Rf3+ 56. Kb2 Ke5 57. Re1+ Kf4 58. Re6 Rf1 59. Rc6 c1=Q+ 60. Rxc1 Rxc1 0-1

[Event "Early-Titled-Tuesday-Blitz-August-29-2023"]
[Site "Chess.com"]
[Date "2023.08.29"]
[Round "8"]
[White "Rutricks"]
[Black "RobertoJBM"]
[Result "0-1"]
[WhiteElo "2626"]
[BlackElo "2828"]
[TimeControl "180+1"]
[EndTime "9:27:41 PDT"]
[Termination "RobertoJBM won by resignation"]

1. c4 c6 2. b3 d5 3. Bb2 Bg4 4. h3 Bh5 5. Nf3 e6 6. e3 Nd7 7. Be2 Ngf6 8. O-O Bd6 9. Nc3 Qe7 10. Rc1 Ba3 11. Qc2 O-O 12. Rcd1 Rfe8 13. Ba1 a5 14. d4 Bg6 15. Bd3 Bxd3 16. Qxd3 Rad8 17. c5 Bb4 18. Nb1 a4 19. bxa4 Ba5 20. Qb3 Nf8 21. Bc3 Ra8 22. Bxa5 Rxa5 23. Nc3 Rea8 24. Rb1 R8a7 25.
Qc2 N6d7 26. Rb4 e5 27. Rfb1 e4 28. Nd2 Nf6 29. Nb3 R5a6 30. Rb6 N6d7 31. a5 Nxb6 32. cxb6 Ra8 33. Na4 Rxa5 34. Nxa5 Rxa5 35. Nc5 Ne6 36.
Qc3 Rxa2 37. Ra1 Rxa1+ 38. Qxa1 Nxc5 39. dxc5 Qe8 40. Qa7 Qc8 41. Qa1 f6 42. g4 Kf7 43.
g5 Qxh3 44. gxf6 gxf6 45. Qa8 Qd7 46. Qh8 Ke6 47. Qg8+ Kf5 48. Qg3 Qe7 49. Qc7 Ke6 50. Qc8+ Kf7 51. Qh8 Qf8 52. Qxh7+ Qg7+ 53. Qxg7+ Kxg7 54. Kg2 Kg6 55. Kg3 Kf5 56. Kh4 Ke5 57. Kh5 d4 58.
exd4+ Kxd4 59. Kg6 Ke5 60. Kf7 f5 61. Ke7 f4 62.
Kd7 e3 63. Kc7 exf2 64. Kxb7 f1=Q 65. Kc7 Qb5 66. b7 Qxc5 67. b8=Q Qd6+ 68. Kc8 Qxb8+ 69. Kxb8 0-1

[Event "Early-Titled-Tuesday-Blitz-August-29-2023"]
[Site "Chess.com"]
[Date "2023.08.29"]
[Round "8"]
[White "HansOnTwitch"]
[Black "FairChess_on_YouTube"]
[Result "0-1"]
[WhiteElo "2914"]
[BlackElo "3055"]
[TimeControl "180+1"]
[EndTime "9:27:42 PDT"]
[Termination "FairChess_on_YouTube won on time"]

1. d4 Nf6 2. c4 e6 3. Nf3 b6 4. g3 Bb7 5. Bg2 Bb4+ 6. Bd2 a5 7. O-O O-O 8. Bf4 Be7 9. Nc3 Ne4 10.
h4 d6 11. Qc2 Nxc3 12. bxc3 Qc8 13. Ng5 g6 14. e4 Nd7 15. Bh3 Qd8 16. Rfe1 Nf6 17.
Rad1 Nh5 18. Be3 Ba6 19. Bf1 Qe8 20. Bd3 Rd8 21. Qe2 Qa4 22. Kh2 Nf6 23. Nh3 e5 24. f4 Rfe8 25. Nf2 Bf8 26. fxe5 dxe5 27. Bg5 Bg7 28. d5 Bc8 29. c5 bxc5 30. Bb5 Qa3 31.
Bxe8 Rxe8 32. Qc2 c4 33. Rf1 Qc5 34. Bxf6 Bxf6 35. Ng4 Bxg4 36. Rxf6 Bxd1 37. Qxd1 Qe3 38. Qf1 Qxe4 39. Rxf7 Qxd5 40. Rxc7 Rf8 41. Qxc4 Qxc4 42.
Rxc4 Rf2+ 43. Kh3 Rxa2 44. Rc5 e4 45. Re5 Ra4 46. Kg4 Kf7 47. Kf4 Kf6 48. Rb5 Ra3 49. Kxe4 Rxc3 0-1

[Event "Early-Titled-Tuesday-Blitz-August-29-2023"]
[Site "Chess.com"]
[Date "2023.08.29"]
[Round "8"]
[White "gueraumasague"]
[Black "vovachesss"]
[Result "1-0"]
[WhiteElo "2568"]
[BlackElo "2773"]
[TimeControl "180+1"]
[EndTime "9:27:43 PDT"]
[Termination "gueraumasague won on time"]

1. e4 c5 2. Nc3 Nc6 3. Bb5 Nd4 4. Nf3 a6 5. Bd3 e6 6. O-O Nc6 7. Re1 d6 8. Bf1 e5 9. Nd5 Nf6 10. c3 Be6 11. Nxf6+ Qxf6 12. d4 cxd4 13. cxd4 Nxd4 14. Nxd4 exd4 15. Qa4+ Bd7 16. Qb3 Bc6 17. Qg3 Be7 18.
e5 dxe5 19. Rxe5 h6 20. Rh5 O-O-O 21. Bf4 Bd6 22. Qh3+ Kb8 23. Bg5 Qg6 24. Bxd8 Rxd8 25. Rd1 Qf6 26. Rf5 Bd7 27. Rxf6 Bxh3 28. Rxf7 Be6 29.
Rxg7 Bc5 30. b3 Bf5 31. Bd3 Be6 32. g3 Bb4 33. Rg6 Bd5 34. Rxh6 Bf3 35. Rb1 Rc8 36. Rf6 Bd5 37. Rf5 Be6 38. Rf4 Rc3 39. Rd1 Bd5 40. Rxd4 Bc6 41. Rf4 Bc5 42. Be4 Bb5 43. Kg2 a5 44. a4 Ba6 45. Rf5 Bb6 46. h4 Ka7 47.
h5 Be2 48. Rd2 Ba6 49. h6 Rc1 50. Rh5 Bf1+ 51. Kh2 1-0

[Event "Early-Titled-Tuesday-Blitz-August-29-2023"]
[Site "Chess.com"]
[Date "2023.08.29"]
[Round "8"]
[White "Goffredo_Fofi"]
[Black "lamomiajunior"]
[Result "0-1"]
[WhiteElo "2552"]
[BlackElo "2793"]
[TimeControl "180+1"]
[EndTime "9:27:44 PDT"]
[Termination "lamomiajunior won by resignation"]

1. g3 d5 2. Bg2 Nf6 3. c3 c5 4. d4 Nc6 5. Nf3 cxd4 6. cxd4 Bf5 7. Nc3 e6 8. Bg5 Be7 9. Bxf6 Bxf6 10. e3 O-O 11. O-O Rc8 12. Qe2 Na5 13. Rfc1 Be7 14.
Ne1 Qb6 15. h4 Nc4 16. g4 Bxg4 17. Qxg4 Qxb2 18. Nd3 Qa3 19. Nf4 Nxe3 20. fxe3 Rxc3 21.
Re1 Rxe3 22. Rxe3 Qxe3+ 23. Kh1 Qxd4 24. Rd1 Qa4 25. Bf3 Kh8 26. h5 Qb4 27. Nd3 Qxg4 28.
Bxg4 Bd6 29. Rc1 g6 30. h6 f5 31. Bf3 Kg8 32. Rc2 Kf7 33. Re2 Kf6 34. Rc2 Rd8 35.
Kg2 g5 36. Kf2 g4 37. Bg2 a6 38. Ke2 Bg3 39. Rb2 b5 40. a4 Rb8 41. axb5 axb5 42. Nc5 Ke7 43. Ra2 Kd6 44. Nb3 Ke5 45. Ra6 Rc8 46.
Kd3 Be1 47. Nd4 Rc3+ 48. Ke2 Kxd4 49. Kxe1 Re3+ 50. Kf1 f4 51. Ra7 f3 52. Rxh7 fxg2+ 53. Kxg2 Rh3 54. Rh8 Ke5 55. h7 b4 56. Kf2 b3 57.
Kg2 b2 58. Rb8 Rxh7 59. Rxb2 Rh3 60. Rd2 d4 61. Rb2 Ke4 62. Re2+ Re3 63. Rb2 e5 64. Rf2 d3 0-1

[Event "Early-Titled-Tuesday-Blitz-August-29-2023"]
[Site "Chess.com"]
[Date "2023.08.29"]
[Round "8"]
[White "stratacticos"]
[Black "IngOscarArdila"]
[Result "0-1"]
[WhiteElo "1837"]
[BlackElo "2313"]
[TimeControl "180+1"]
[EndTime "9:27:44 PDT"]
[Termination "IngOscarArdila won on time"]

1. e4 e5 2. Nf3 Nf6 3. Nc3 Nc6 4.
Bc4 Bb4 5. O-O O-O 6. d3 d6 7. h3 Bxc3 8. bxc3 Qe7 9. Rb1 h6 10.
Be3 Nd8 11. Qd2 Kh7 12. Rfe1 b6 13. a4 a5 14. Bd5 Rb8 15. d4 Bd7 16. Bb3 Bc6 17.
d5 Bd7 18. Qd3 Nh5 19. Kh2 f5 20. exf5 Bxf5 21. Qd2 Bg6 22. Ng1 Nf7 23. f4 Rbe8 24. Nf3 exf4 25. Bxf4 Qd7 26. Rxe8 Rxe8 27. Bg3 Qf5 28.
c4 Nxg3 29. Kxg3 Ne5 30. Nxe5 Qxe5+ 31. Qf4 Qc3+ 32. Kh2 Re4 33. Qf3 Qe5+ 34. Kh1 Re3 35. Qf2 Qc3 36. Rf1 Be4 37. Kh2 Qe5+ 38. Qf4 Qc3 39. c5 Re2 40. Rf2 Re1 41. cxd6 cxd6 42. Qxd6 Qa1 43. Qf4 Rh1+ 44. Kg3 Bg6 45. d6 Rd1 46. c4 Rd4 47. Qe5 Rg4+ 48. hxg4 Qxe5+ 0-1

[Event "Early-Titled-Tuesday-Blitz-August-29-2023"]
[Site "Chess.com"]
[Date "2023.08.29"]
[Round "8"]
[White "amintabatabaei"]
[Black "Elsa167"]
[Result "1-0"]
[WhiteElo "2961"]
[BlackElo "2874"]
[TimeControl "180+1"]
[EndTime "9:27:45 PDT"]
[Termination "amintabatabaei won on time"]

1. c4 e6 2. g3 Nf6 3. Bg2 d5 4. Nf3 Be7 5. O-O O-O 6. d4 c6 7. Nc3 a5 8. b3 b6 9. Bb2 Ba6 10. Nd2 b5 11. c5 b4 12. Na4 Nbd7 13. Re1 Bb5 14. a3 Re8 15. Qc2 Bf8 16. e4 dxe4 17. Nxe4 Nxe4 18. Bxe4 g6 19. Bf3 Bg7 20. h4 Rb8 21.
axb4 axb4 22. Kg2 Qc7 23. h5 Rbd8 24. Rad1 Nf6 25. hxg6 hxg6 26. Nb6 Nd5 27. Nc4 Bxc4 28. bxc4 Ne7 29. d5 cxd5 30. Bxg7 Kxg7 31. Qb2+ d4 32. Rxd4 Rxd4 33. Qxd4+ Kf8 34. c6 b3 35. Rb1 Rb8 36. c5 Nxc6 37. Qh8+ Ke7 38. Qh4+ Kf8 39. Be4 Ne7 40. Qh8+ Ng8 41. c6 Rb5 42. Qc3 Qe5 43.
Qd3 Rc5 44. Rxb3 Ne7 45. Rb6 Kg7 46. Bf3 Nf5 47. Rb7 Qd4 48. Qxd4+ Nxd4 49. c7 e5 50. Bg4 f5 51. c8=Q+ 1-0

[Event "Early-Titled-Tuesday-Blitz-August-29-2023"]
[Site "Chess.com"]
[Date "2023.08.29"]
[Round "8"]
[White "denizozen"]
[Black "jerry_77"]
[Result "1-0"]
[WhiteElo "2859"]
[BlackElo "2630"]
[TimeControl "180+1"]
[EndTime "9:27:46 PDT"]
[Termination "denizozen won by checkmate"]

1. d4 Nf6 2. Bf4 e6 3. e3 d5 4. Nf3 Bd6 5. Nbd2 O-O 6. Bd3 c5 7. c3 Qc7 8. Bg3 Nbd7 9. O-O e5 10. dxe5 Nxe5 11. Nxe5 Bxe5 12. Bxe5 Qxe5 13. Nf3 Qe7 14. Re1 Bg4 15. h3 Bh5 16. Be2 Rfd8 17. Qa4 a6 18. Rad1 b5 19. Qa3 Qc7 20. Qb3 Rd6 21. a4 Rb8 22. axb5 axb5 23. Nd2 Bxe2 24. Rxe2 h6 25. Nf3 b4 26. Qc2 bxc3 27. bxc3 Rdb6 28. c4 dxc4 29.
Qxc4 Rb1 30. Ree1 Rxd1 31. Rxd1 Rb4 32. Qc2 Qb6 33. Ne5 Rb2 34. Qc4 Qb7 35. Rd8+ Kh7 36. Nxf7 Rb1+ 37. Kh2 Qe4 38. Qxc5 Ng8 39. Qf8 Nf6 40. Qd6 Rb5 41. Qf4 Qxf4+ 42. exf4 Rb7 43. Ne5 Rb2 44. Kg1 Ne4 45. f3 Ng3 46. h4 Rb1+ 47. Kf2 Nf5 48. h5 Rb2+ 49. Kg1 Ng3 50. Ng6 Nxh5 51.
Nf8+ Kg8 52. f5 Rb1+ 53. Kf2 Nf6 54. Ng6+ Kf7 55. Rf8# 1-0

[Event "Early-Titled-Tuesday-Blitz-August-29-2023"]
[Site "Chess.com"]
[Date "2023.08.29"]
[Round "8"]
[White "druskacik"]
[Black "angryspacevoid"]
[Result "0-1"]
[WhiteElo "2640"]
[BlackElo "2542"]
[TimeControl "180+1"]
[EndTime "9:27:48 PDT"]
[Termination "angryspacevoid won by resignation"]

1. g3 e5 2. Bg2 h5 3. h3 d5 4. c4 c6 5. Nf3 e4 6. Nd4 Nf6 7. d3 dxc4 8. dxe4 Bc5 9. Be3 Qe7 10. Qc2 b5 11. a4 Bb7 12. axb5 Bxd4 13. Bxd4 cxb5 14. Nc3 Nc6 15. Bxf6 gxf6 16. Nd5 Qd6 17. Qc3 Rh6 18. O-O h4 19. f4 hxg3 20. Rfd1 Qc5+ 21. e3 O-O-O 22. b4 Qf8 23. Nxf6 Rxd1+ 24. Rxd1 Qxb4 25. Qa1 Qb3 26. Ng4 Re6 27. Rb1 Qa4 28. Qh8+ Kc7 29. Qf8 Nd8 30. Qc5+ Bc6 31. e5 Nb7 32. Qf8 Nd8 33.
Bxc6 Rxc6 34. e6 fxe6 35. Qe7+ Kc8 36. Ne5 Rc7 37. Qg5 c3 38. Qxg3 c2 39. Rc1 Qa3 40. Qe1 b4 41. Qd2 b3 42. Qd3 Qxc1+ 43. Kf2 Qd1 44.
Qa6+ Nb7 45. Qxa7 Kd8 46. Qb8+ Rc8 47. Qxb7 c1=Q 48. Qb6+ Ke7 49. Qb7+ Qc7 50. Qb4+ Qc5 51. Qb7+ Rc7 52. Qe4 Qcc2+ 53. Kg3 Qxe4 54. h4 b2 0-1

[Event "Early-Titled-Tuesday-Blitz-August-29-2023"]
[Site "Chess.com"]
[Date "2023.08.29"]
[Round "8"]
[White "Firouzja2003"]
[Black "DanielNaroditsky"]
[Result "1-0"]
[WhiteElo "3098"]
[BlackElo "3144"]
[TimeControl "180+1"]
[EndTime "9:27:49 PDT"]
[Termination "Firouzja2003 won by resignation"]

1. e4 Nf6 2. e5 Nd5 3. d4 d6 4. c4 Nb6 5. exd6 exd6 6. h3 Be7 7. Nf3 O-O 8. Bd3 Nc6 9. Nc3 Bf6 10. O-O Re8 11. b3 h6 12. Be3 Ne7 13. Qc2 d5 14.
a4 a5 15. Rfe1 c6 16. c5 Nd7 17. Bf4 Nf8 18. Be5 Bxe5 19. Nxe5 Be6 20. Re2 f6 21. Nf3 Bf7 22. Rae1 Qd7 23. Nh4 Ne6 24. Bh7+ Kf8 25. Nf5 Nxf5 26. Bxf5 Re7 27. Qd2 Rae8 28. Re3 Qc7 29. Ne2 Nf4 30. Ng3 g6 31. Rxe7 Rxe7 32. Rxe7 Kxe7 33. Bc8 g5 34. Nf5+ Kf8 35. Nd6 b6 36. Bf5 bxc5 37. dxc5 Qe7 38. Qxa5 Ne2+ 39. Kf1 Nd4 40. Bg4 h5 41. Qa8+ Be8 42. Qxe8+ Qxe8 43. Nxe8 hxg4 44. Nxf6 Nxb3 45. Nxg4 Nxc5 46. a5 Ke7 47. Ne5 Kd6 48. Nf7+ Ke6 49. Nxg5+ Kf5 50. Nf7 Na6 51. Nd8 c5 52. Ke2 c4 53. Nc6 Ke6 54. Nd4+ Ke5 55. Ke3 c3 56. f4+ Kd6 57. Kd3 1-0

[Event "Early-Titled-Tuesday-Blitz-August-29-2023"]
[Site "Chess.com"]
[Date "2023.08.29"]
[Round "8"]
[White "vladislavkovalev"]
[Black "GianmarcoVaR"]
[Result "1/2-1/2"]
[WhiteElo "2908"]
[BlackElo "2762"]
[TimeControl "180+1"]
[EndTime "9:27:50 PDT"]
[Termination "Game drawn by repetition"]

1. e4 c5 2. Nf3 d6 3. Bb5+ Nd7 4. O-O a6 5. Bd3 Ngf6 6. c3 c4 7. Bxc4 Nxe4 8. Re1 Nef6 9. Ng5 d5 10. Bb3 e6 11.
d4 Bd6 12. Nd2 O-O 13. Ndf3 Qc7 14. Qe2 h6 15. Nh3 Ne4 16. g3 g5 17. Nhxg5 hxg5 18. Nxg5 Ndf6 19. Bc2 Kg7 20. f3 Nxg5 21. Bxg5 Rh8 22.
Kg2 Bd7 23. Qe3 Rag8 24. Rh1 Ne8 25. Kf2 f6 26. Bh4 Kf7 27. Rae1 Rxh4 28. gxh4 Bxh2 29. Ke2 Rg2+ 30. Kd1 Bf4 31. Qd3 Rd2+ 32. Qxd2 Bxd2 33. Kxd2 Qf4+ 34. Re3 Nd6 35. b3 Nf5 36. Bxf5 Qxf5 37. h5 Kg7 38. h6+ Kh7 39. Rg1 Be8 40. f4 Bg6 41.
Reg3 Qc2+ 42. Ke1 Qb1+ 43. Kf2 Qc2+ 44. Ke1 Kxh6 45. Rxg6+ Qxg6 46. Rxg6+ Kxg6 47. Kf2 Kf5 48. Kf3 b5 49. b4 e5 50. fxe5 fxe5 51. dxe5 Kxe5 52.
Ke3 Ke6 53. Kd3 Ke5 54. Ke3 Ke6 55. Kd3 Ke5 56. Ke3 1/2-1/2

[Event "Early-Titled-Tuesday-Blitz-August-29-2023"]
[Site "Chess.com"]
[Date "2023.08.29"]
[Round "8"]
[White "NasirAkylbekov"]
[Black "blitzo_vich"]
[Result "0-1"]
[WhiteElo "2474"]
[BlackElo "2604"]
[TimeControl "180+1"]
[EndTime "9:27:55 PDT"]
[Termination "blitzo_vich won by resignation"]

1. e4 c5 2. Nf3 e6 3. Nc3 Nc6 4. d4 cxd4 5. Nxd4 Qc7 6. Nxc6 bxc6 7. Bd3 d5 8. Qe2 Nf6 9. O-O Be7 10. b3 a5 11. Bb2 O-O 12. h3 Rd8 13. Rad1 d4 14.
Nb1 e5 15. a4 Nd7 16. Nd2 Nc5 17. Bc4 Ne6 18. g3 Nc5 19. Kh2 Qd7 20. g4 Ne6 21.
Bxe6 Qxe6 22. Qf3 Ba6 23. Rfe1 Rab8 24. Nf1 d3 25. cxd3 Rxb3 26. Ba1 Rbxd3 27. Rxd3 Rxd3 28.
Qf5 Qxf5 29. exf5 f6 30. Rc1 c5 31. Ne3 Ra3 32. Nd5 Bf8 33. Nc7 Bd3 34. Ne6 c4 35.
g5 Bxf5 36. Nxf8 Kxf8 37. gxf6 gxf6 38. f4 Rxh3+ 39. Kg2 Ra3 40. fxe5 fxe5 41. Bxe5 Rxa4 42. Kf3 Kf7 43. Bc3 Ra2 44. Kf4 Rf2+ 45. Ke3 Ra2 46. Kf4 Bd3 47. Kg5 a4 48. Re1 a3 49. Bb4 Be2 50. Bxa3 Rxa3 51. Rxe2 Rf3 52. Re4 c3 53. Rc4 Ke6 54. Kg4 Rd3 55. Rc8 Kd5 56. Kf4 Rh3 57.
Kg4 Rd3 58. Kf4 Kd4 59. Rc7 Rh3 60. Kg4 Rh1 61. Rd7+ Ke3 62. Re7+ Kd2 63. Rd7+ Kc1 64. Kg3 c2 65. Kg2 Rd1 66. Rc7 Rd3 67. Rxh7 Kd2 0-1

[Event "Early-Titled-Tuesday-Blitz-August-29-2023"]
[Site "Chess.com"]
[Date "2023.08.29"]
[Round "8"]
[White "le_poisson"]
[Black "ljuks68"]
[Result "0-1"]
[WhiteElo "2331"]
[BlackElo "2453"]
[TimeControl "180+1"]
[EndTime "9:28:00 PDT"]
[Termination "ljuks68 won by resignation"]

1. e4 e6 2. d4 d5 3. Nc3 Bb4 4. e5 Ne7 5. Qg4 c5 6. a3 Bxc3+ 7. bxc3 Qc7 8. Qxg7 Rg8 9. Qxh7 cxd4 10. Qd3 Qxe5+ 11.
Ne2 dxc3 12. Qxc3 Nbc6 13. Qxe5 Nxe5 14. Ng3 Bd7 15. Bb2 N7c6 16. Nh5 Ke7 17. f4 Ng4 18. h3 Ne3 19. Nf6 Nxc2+ 20. Kd2 Nxa1 21. Nxg8+ Rxg8 22. Bxa1 f6 23. h4 e5 24. h5 Bf5 25. h6 Kf7 26. fxe5 fxe5 27. Rh5 Kg6 28. Be2 Rh8 29. g4 Be4 30. Bxe5 Nxe5 31. Rxe5 Rxh6 32.
Re6+ Kg5 33. Rxh6 Kxh6 34. Ke3 Kg5 35. Kd4 Kf6 36. a4 b6 37. Kc3 Ke5 38. Kb4 Bc2 39. a5 Kd6 40. axb6 axb6 41. Kb5 Kc7 42. g5 Bg6 43.
Bf3 Be8+ 44. Kb4 Kd6 45. Be2 Ke5 46. Bd3 Kd4 47. Bc2 Ke5 48. g6 Kf6 49. Kc3 Bc6 50. Kd4 Bb7 51. Bd3 Bc6 52. Kc3 Be8 53. Kb4 Bxg6 54. Bxg6 Kxg6 55. Kc3 Kf5 56. Kd4 Ke6 57. Kd3 Ke5 58. Ke3 d4+ 59. Kd3 Kd5 60. Kd2 Ke4 61. Kc2 d3+ 62. Kd2 Kd4 63. Kd1 Ke3 64. Kc1 d2+ 65. Kd1 b5 66. Kc2 Ke2 67. Kb3 d1=Q+ 68. Kb4 Qb1+ 0-1

[Event "Early-Titled-Tuesday-Blitz-August-29-2023"]
[Site "Chess.com"]
[Date "2023.08.29"]
[Round "8"]
[White "TigrVShlyape"]
[Black "Sina_Movahed"]
[Result "0-1"]
[WhiteElo "2900"]
[BlackElo "2983"]
[TimeControl "180+1"]
[EndTime "9:28:02 PDT"]
[Termination "Sina_Movahed won on time"]

1. d4 Nf6 2. Bf4 g6 3. c3 Bg7 4.
Nf3 O-O 5. h3 d5 6. e3 c5 7.
Nbd2 cxd4 8. exd4 Qb6 9. Qb3 Qe6+ 10. Be2 Nh5 11. Bh2 Nc6 12. Qd1 Qf6 13. O-O Nf4 14.
Re1 Re8 15. Bf1 a6 16. a4 Bh6 17. a5 Bf5 18. Re3 g5 19. Ne5 Nxe5 20. dxe5 Qg7 21. Nb3 Be4 22. Nd4 e6 23. Qg4 Qg6 24. Ree1 Bg7 25.
Bxf4 gxf4 26. Qxg6 Bxg6 27. Ra4 Rab8 28. Nf3 b6 29.
axb6 Rxb6 30. b4 Rc8 31. Ra3 Be4 32. Bxa6 Ra8 33. b5 Bf8 34. Ra4 Bc5 35. Ng5 Bd3 36.
Rxf4 Ra7 37. Kh2 h6 38. Nf3 Bxf2 39. Rd1 Bxb5 40. Bxb5 Rxb5 41. Nd4 Rb2 42. Rf1 Raa2 43. Rg4+ Kf8 44. h4 Ke7 45. Nf3 Rc2 46. Rb1 Ra7 47.
Rb3 Rc7 48. Rf4 R2xc3 49. Rxc3 Rxc3 50. g3 Rc4 51. Kg2 Be3 52. Rf6 d4 53. Ne1 Rc1 54. Rf1 Rc3 55. Rf3 Bd2 56. Nd3 Be3 57. Ne1 Rc1 58.
Rf1 Rd1 59. Kf3 Bd2 60. Ke2 Rxe1+ 61. Rxe1 Bxe1 62. Kxe1 f6 63. exf6+ Kxf6 64. g4 e5 65. Ke2 e4 66. Kf2 Ke5 0-1

[Event "Early-Titled-Tuesday-Blitz-August-29-2023"]
[Site "Chess.com"]
[Date "2023.08.29"]
[Round "8"]
[White "Iball95"]
[Black "BogdanDeac"]
[Result "0-1"]
[WhiteElo "2782"]
[BlackElo "3011"]
[TimeControl "180+1"]
[EndTime "9:28:03 PDT"]
[Termination "BogdanDeac won by checkmate"]

1. e4 c6 2. d4 d5 3. exd5 cxd5 4. c4 Nf6 5. Nc3 e6 6. c5 a5 7.
Bb5+ Bd7 8. Bxd7+ Nfxd7 9. Qa4 Be7 10. Nf3 Nc6 11. O-O O-O 12. Bf4 Qc8 13. Rac1 Nf6 14. Rfe1 Qd7 15. a3 Bd8 16. Bd6 Re8 17. Ne5 Qc8 18.
h3 Nd7 19. Nf3 Nf6 20. Ne5 Ra6 21. Re2 h6 22. Ng4 Nxg4 23. hxg4 Bf6 24. Rd1 Rd8 25.
Nb5 Rd7 26. g3 Ne7 27. Bxe7 Bxe7 28. Qc2 a4 29. Rc1 Qc6 30. Qd3 Bf6 31. Rec2 Ra5 32. Nc3 Qa6 33. Qd2 Rd8 34. Na2 Qa8 35. Nb4 Re8 36.
Qd3 Ra7 37. Qb5 Ra5 38. Qd3 g6 39. Kg2 Bg7 40. f3 Qc8 41. c6 bxc6 42. Nxc6 Qa8 43. Nxa5 Qxa5 44. Rc8 Rf8 45. Rxf8+ Bxf8 46. Rc8 Kg7 47.
Qe3 Bd6 48. Qc3 Qa6 49. Qc2 Qb5 50. Rc6 Be7 51. Rc7 Bf6 52. Ra7 Bxd4 53. Rc7 Bxb2 54. Kh2 Be5 55. Rc5 Qb6 56. f4 Bd4 57. Rc6 Qb5 58. f5 gxf5 59. gxf5 Qf1 60. fxe6 Bg1+ 61. Kh1 Bf2+ 62. Kh2 Qg1+ 63. Kh3 Qxg3# 0-1

[Event "Early-Titled-Tuesday-Blitz-August-29-2023"]
[Site "Chess.com"]
[Date "2023.08.29"]
[Round "8"]
[White "TanitoluwaAps116"]
[Black "Vaibhavraut99"]
[Result "1-0"]
[WhiteElo "2777"]
[BlackElo "2575"]
[TimeControl "180+1"]
[EndTime "9:28:03 PDT"]
[Termination "TanitoluwaAps116 won by checkmate"]

1. e4 c5 2. Nf3 Nc6 3. Bb5 g6 4. Bxc6 dxc6 5. d3 Bg7 6. h3 Nf6 7. Nc3 O-O 8. Be3 b6 9. Qd2 Ne8 10. Bh6 Nc7 11. h4 f6 12. O-O-O Bg4 13. Bxg7 Kxg7 14.
Qf4 Bxf3 15. gxf3 e5 16. Qg4 Qc8 17. Qg3 Ne6 18. Ne2 Kh8 19. f4 exf4 20. Nxf4 Nxf4 21. Qxf4 Qe6 22. Kb1 a5 23. Rdg1 a4 24. a3 b5 25. Qh6 Rg8 26. Rg3 b4 27. Rhg1 Qf7 28. Rf3 bxa3 29. bxa3 Rab8+ 30. Kc1 Qa2 31. Qf4 Rb1+ 32.
Kd2 Rf8 33. Rxb1 Qxb1 34. Qd6 Rf7 35. Rxf6 Rxf6 36. Qxf6+ Kg8 37. Qe6+ Kh8 38. Qf6+ Kg8 39. e5 Qb2 40. Qe6+ Kh8 41. Qf7 h5 42. Qf8+ Kh7 43.
Qf7+ Kh6 44. Qf8+ Kh7 45. Qf7+ Kh6 46. e6 c4 47. Qf8+ Kh7 48. Qf7+ Kh6 49. e7 c3+ 50. Ke3 Qc1+ 51. Kd4 c5+ 52. Kxc3 Qxa3+ 53. Kd2 Qb4+ 54. Ke2 Qg4+ 55. Ke1 Qb4+ 56. Kf1 Qb1+ 57. Kg2 Qb7+ 58. f3 Qb2 59. Qf8+ Kh7 60. Qf7+ Kh6 61.
Qf4+ Kh7 62. Qf7+ Qg7 63. e8=Q Kh6 64. Qe3+ Kh7 65. Qee7 Qxf7 66. Qxf7+ Kh6 67. Qa2 Kh7 68. Qxa4 Kh6 69. Qc4 g5 70. Qxc5 gxh4 71. Kh3 Kh7 72. Qxh5+ Kg8 73. Qxh4 Kg7 74. Qg4+ Kh8 75. c4 Kh7 76. c5 Kh6 77. c6 Kh7 78. c7 Kh8 79. c8=R+ Kh7 80. Qg3 Kh6 81. Rh8# 1-0

[Event "Early-Titled-Tuesday-Blitz-August-29-2023"]
[Site "Chess.com"]
[Date "2023.08.29"]
[Round "8"]
[White "KrokerGuy"]
[Black "imdvb6307"]
[Result "1/2-1/2"]
[WhiteElo "2495"]
[BlackElo "2389"]
[TimeControl "180+1"]
[EndTime "9:28:03 PDT"]
[Termination "Game drawn - insufficient material"]

1. e4 Nc6 2. Nf3 d6 3. d4 Nf6 4. Nc3 Bg4 5. d5 Ne5 6. Be2 Nxf3+ 7. gxf3 Bd7 8. f4 e5 9. dxe6 fxe6 10. e5 Bc6 11. Bf3 dxe5 12. Bxc6+ bxc6 13. Qf3 e4 14. Nxe4 Qd5 15. Nxf6+ gxf6 16. Ke2 O-O-O 17. c3 Qb5+ 18. Ke1 Bc5 19. Qe2 Kb7 20. Be3 Bb6 21. a4 Qd5 22. Rf1 Rd6 23. a5 Bxe3 24. a6+ Ka8 25. Qxe3 Rhd8 26.
Rg1 Qb5 27. b4 Qc4 28. Rg7 Rd3 29. Qc5 Qxc5 30. bxc5 Rxc3 31. Rxc7 Rxc5 32. Rxh7 Rc4 33. Rb1 Rb8 34. Rxb8+ Kxb8 35. Rb7+ Kc8 36. Rxa7 Ra4 37. Ke2 c5 38. Kd3 Rxf4 39. Re7 Kb8 40. Rxe6 Rxf2 41. Kc4 Ka7 42. h4 Rf4+ 43. Kb5 Rxh4 44.
Re7+ Kb8 45. Kb6 Rb4+ 46. Kxc5 Rb1 47. Rf7 Ka8 48. Kc4 Ra1 49. Kb5 Rb1+ 50. Ka5 Ra1+ 51. Kb6 Rb1+ 52. Kc6 Rc1+ 53. Kd5 Rd1+ 54. Kc4 Rc1+ 55.
Kb4 Rb1+ 56. Kc3 Rc1+ 57. Kb2 Rc6 58. a7 Rb6+ 59. Kc3 Ra6 60. Kb4 Rxa7 61. Rxf6 Rb7+ 62.
Kc5 Ka7 63. Rd6 Rc7+ 64. Rc6 Rxc6+ 65. Kxc6 1/2-1/2

[Event "Early-Titled-Tuesday-Blitz-August-29-2023"]
[Site "Chess.com"]
[Date "2023.08.29"]
[Round "8"]
[White "CrazyAdvenTures"]
[Black "borocotoajua"]
[Result "1-0"]
[WhiteElo "2690"]
[BlackElo "2519"]
[TimeControl "180+1"]
[EndTime "9:28:05 PDT"]
[Termination "CrazyAdvenTures won by resignation"]

1. e4 c6 2. Nc3 d5 3. Nf3 Bg4 4. h3 Bxf3 5. Qxf3 e6 6. d4 dxe4 7. Qxe4 Nd7 8. Bd2 Ngf6 9. Qd3 Bd6 10. O-O-O Qc7 11. Kb1 O-O 12. g4 a5 13. g5 Nd5 14.
Ne4 Bf4 15. Be1 e5 16. c4 Nb4 17. Qf3 exd4 18. a3 Na6 19. Rxd4 Rfe8 20. h4 Nac5 21. Bh3 Qe5 22. Nxc5 Qxd4 23. Nxd7 Qxc4 24. Bc3 Rad8 25. Rd1 b5 26. Rd4 Re1+ 27. Bxe1 Qxd4 28. Bc3 Qc4 29. Bxa5 Re8 30. Bc3 c5 31. Qc6 Qd3+ 32. Ka1 Rd8 33.
Nf6+ Kh8 34. Ne4 b4 35. Bxg7+ Kxg7 36. Nxc5 Qd1+ 37. Ka2 b3+ 38. Nxb3 Qd5 39. Qf6+ Kg8 40. Qxf4 Re8 41. Qd4 Qf3 42. Bd7 Rb8 43. Ba4 Qb7 44. Qc4 Qe7 45. Qc5 Qe2 46. Qd4 Rf8 47. Qc3 Qe6 48.
Bc6 Qg6 49. Bf3 Re8 50. Bd5 Qg7 51. Bc4 Qg6 52. Bd3 Qg7 53. Qxg7+ Kxg7 54. Nc5 f6 55. gxf6+ Kxf6 56. Ne4+ Ke5 57. Nc3 Kd4 58. Bxh7 Rh8 59.
Bb1 Rxh4 60. Kb3 Rh2 61. f3 Rf2 62. Be4 Rf1 63. a4 Rh1 64. a5 Rh8 65. Kb4 Rb8+ 66.
Nb5+ Ke5 67. a6 Rd8 68. a7 1-0

[Event "Early-Titled-Tuesday-Blitz-August-29-2023"]
[Site "Chess.com"]
[Date "2023.08.29"]
[Round "8"]
[White "Arseniy_Nesterov"]
[Black "hitaman"]
[Result "1-0"]
[WhiteElo "2883"]
[BlackElo "2718"]
[TimeControl "180+1"]
[EndTime "9:28:07 PDT"]
[Termination "Arseniy_Nesterov won by resignation"]

1. d4 Nf6 2. c4 e6 3. Nf3 d5 4. g3 Nc6 5. Bg2 Bd6 6. O-O O-O 7. Nbd2 a5 8. a3 Ne4 9. b3 Nc3 10. Qe1 f5 11. Bb2 Ne4 12. Qc1 Bd7 13. Ne1 Kh8 14. Nd3 b6 15. Nf3 Rc8 16. c5 Be7 17. b4 axb4 18.
axb4 bxc5 19. dxc5 Rb8 20. Nfe5 Nxb4 21. Ng6+ Kg8 22.
Nxf8 Qxf8 23. Nxb4 Rxb4 24. c6 Be8 25. Ra8 Rc4 26.
Qa1 Nd6 27. Rc1 Kf7 28. Rxc4 Nxc4 29. Bxg7 Qxg7 30. Qxg7+ Kxg7 31. Rxe8 Kf7 32. Rh8 Kg7 33. Rc8 Bd6 34. e3 Ne5 35. h3 Nxc6 36. Ra8 Ne7 37. Bf1 Kf6 38. Kg2 Ng6 39. Be2 Ne5 40. f4 Ng6 41. g4 h6 42. Ra4 Ne7 43. Bd3 Bc5 44. Kf3 Bb6 45. Ra8 Kg7 46. gxf5 exf5 47. Rd8 Kf6 48. Rf8+ Kg7 49. Ra8 Kf6 50. h4 Kg6 51.
Rd8 Kf6 52. h5 Kg7 53. Re8 Kf7 54. Ra8 Kg7 55. Bc2 Kf7 56. Bb3 Kg7 57. Rd8 c6 58.
Rb8 Bc5 59. Ra8 Kf7 60. Ba4 d4 61. exd4 Bxd4 62. Ra6 Bf6 63. Bxc6 Nxc6 64. Rxc6 Bg7 65. Ke3 Bf8 66. Kd3 Kg7 67. Kd4 Be7 68. Ke5 1-0